[gd_scene load_steps=14 format=3 uid="uid://cb68al8bfdfhi"]

[ext_resource type="PackedScene" uid="uid://cgvxygx4742m1" path="res://cenas/player.tscn" id="1_istu1"]
[ext_resource type="PackedScene" uid="uid://b6dwl7q1q5ulv" path="res://cenas/mapa.tscn" id="1_sxp3t"]
[ext_resource type="PackedScene" uid="uid://b8n34gjmq3s12" path="res://cenas/caramelo.tscn" id="3_pfkw7"]
[ext_resource type="PackedScene" uid="uid://ddkqbs78pwckk" path="res://cenas/pause.tscn" id="4_inxwv"]
[ext_resource type="Script" path="res://scripts/HealthBar.gd" id="4_yh0qe"]
[ext_resource type="Texture2D" uid="uid://dt58u0npgfpf4" path="res://assets/gun.png" id="5_2ls5s"]
[ext_resource type="Script" path="res://scripts/pickup_gun.gd" id="6_fv3tr"]
[ext_resource type="PackedScene" uid="uid://cbgqxs0vi6jcq" path="res://cenas/boss_slime.tscn" id="11_wj510"]

[sub_resource type="Theme" id="Theme_dkpo8"]

[sub_resource type="StyleBoxFlat" id="StyleBoxFlat_4rqhd"]
bg_color = Color(0, 0, 0, 0.870588)
corner_radius_top_right = 4
corner_radius_bottom_right = 15
shadow_size = 6
shadow_offset = Vector2(-3, 3)

[sub_resource type="StyleBoxFlat" id="StyleBoxFlat_7h7yu"]
bg_color = Color(1, 0, 0, 1)
corner_radius_top_right = 4
corner_radius_bottom_right = 15
corner_detail = 1
shadow_size = 6
shadow_offset = Vector2(-3, 3)

[sub_resource type="CircleShape2D" id="CircleShape2D_xcgyl"]
radius = 10.8984

[sub_resource type="LabelSettings" id="LabelSettings_xenfk"]
font_size = 76
outline_size = 5
outline_color = Color(0, 0, 0, 1)

[node name="main" type="Node2D"]
y_sort_enabled = true

[node name="Mapa" parent="." instance=ExtResource("1_sxp3t")]

[node name="player" parent="." node_paths=PackedStringArray("ammo_label", "pause_menu") instance=ExtResource("1_istu1")]
position = Vector2(-2578, -572)
ammo_label = NodePath("Camera2D/HUD/Ammo")
pause_menu = NodePath("Camera2D/CanvasLayer/Control/Pause")

[node name="Camera2D" type="Camera2D" parent="player"]
zoom = Vector2(0.3, 0.3)
position_smoothing_speed = 2.0

[node name="CanvasLayer" type="CanvasLayer" parent="player/Camera2D"]

[node name="Control" type="Control" parent="player/Camera2D/CanvasLayer"]
layout_mode = 3
anchors_preset = 15
anchor_right = 1.0
anchor_bottom = 1.0
grow_horizontal = 2
grow_vertical = 2
metadata/_edit_use_anchors_ = true

[node name="Pause" parent="player/Camera2D/CanvasLayer/Control" instance=ExtResource("4_inxwv")]
visible = false
texture_filter = 1
layout_mode = 1
anchors_preset = 8
anchor_left = 0.5
anchor_top = 0.5
anchor_right = 0.5
anchor_bottom = 0.5
scale = Vector2(2.28, 2.28)

[node name="HUD" type="CanvasLayer" parent="player/Camera2D"]

[node name="Ammo" type="Control" parent="player/Camera2D/HUD"]
texture_filter = 1
layout_mode = 3
anchors_preset = 0
offset_left = -6.0
offset_top = -21.0
offset_right = 34.0
offset_bottom = 19.0
scale = Vector2(1.49057, 1.49057)
metadata/_edit_use_anchors_ = true

[node name="Label" type="Label" parent="player/Camera2D/HUD/Ammo"]
layout_mode = 0
offset_left = 13.0
offset_top = 63.0
offset_right = 53.0
offset_bottom = 86.0
text = "00"
metadata/_edit_use_anchors_ = true

[node name="Label3" type="Label" parent="player/Camera2D/HUD/Ammo"]
layout_mode = 0
offset_left = 31.0
offset_top = 63.0
offset_right = 71.0
offset_bottom = 86.0
text = "/"
metadata/_edit_use_anchors_ = true

[node name="Label2" type="Label" parent="player/Camera2D/HUD/Ammo"]
layout_mode = 0
offset_left = 37.0
offset_top = 63.0
offset_right = 77.0
offset_bottom = 86.0
text = "00"
metadata/_edit_use_anchors_ = true

[node name="ProgressBar" type="ProgressBar" parent="player/Camera2D/HUD" node_paths=PackedStringArray("char_body")]
offset_left = 13.0
offset_top = 31.0
offset_right = 369.0
offset_bottom = 58.0
theme = SubResource("Theme_dkpo8")
theme_override_styles/background = SubResource("StyleBoxFlat_4rqhd")
theme_override_styles/fill = SubResource("StyleBoxFlat_7h7yu")
step = 1.0
value = 100.0
show_percentage = false
script = ExtResource("4_yh0qe")
char_body = NodePath("../../..")

[node name="caramelo" parent="." instance=ExtResource("3_pfkw7")]
position = Vector2(1330, -547)
SPEED = 150.0

[node name="CanvasModulate" type="CanvasModulate" parent="."]
position = Vector2(323, -548)
color = Color(0.137255, 0.137255, 0.137255, 1)

[node name="gun_sprite" type="Sprite2D" parent="."]
z_index = 1
texture_filter = 1
position = Vector2(524, -741)
scale = Vector2(5.659, 5.659)
texture = ExtResource("5_2ls5s")

[node name="Area2D" type="Area2D" parent="gun_sprite" node_paths=PackedStringArray("ammo")]
collision_layer = 2
collision_mask = 4
script = ExtResource("6_fv3tr")
ammo = NodePath("../../player/Camera2D/HUD/Ammo")
ammo_amount = 20

[node name="CollisionShape2D" type="CollisionShape2D" parent="gun_sprite/Area2D"]
scale = Vector2(2.76219, 2.76219)
shape = SubResource("CircleShape2D_xcgyl")

[node name="CanvasLayer" type="CanvasLayer" parent="gun_sprite/Area2D"]
layer = 4
follow_viewport_enabled = true

[node name="Label" type="Label" parent="gun_sprite/Area2D/CanvasLayer"]
light_mask = 2
visibility_layer = 2
offset_left = 392.0
offset_top = -923.0
offset_right = 681.0
offset_bottom = -818.0
label_settings = SubResource("LabelSettings_xenfk")
metadata/_edit_use_anchors_ = true

[node name="BossSlime" parent="." instance=ExtResource("11_wj510")]
position = Vector2(-7604, -4314)
scale = Vector2(10, 10)

[connection signal="body_entered" from="gun_sprite/Area2D" to="gun_sprite/Area2D" method="_on_body_entered"]
[connection signal="body_exited" from="gun_sprite/Area2D" to="gun_sprite/Area2D" method="_on_body_exited"]
